 Dungeon Crawl Stone Soup version 0.32-a0-131-g9dbbe29261 (webtiles) character file.

Game seed: 8909509305522145997

333 Newt the Trooper (level 6, -3/40 HPs)
             Began as a Gargoyle Fighter on Feb 8, 2024.
             Killed from afar by a steam dragon (29 damage)
             ... with a ball of steam
             ... on level 4 of the Dungeon.
             The game lasted 00:02:32 (2593 turns).

Newt the Trooper (Gargoyle Fighter)                 Turns: 2593, Time: 00:02:32

Health: -3/40      AC: 12    Str: 22    XL:     6   Next: 52%
Magic:  6/6        EV:  9    Int:  8    God:
Gold:   155        SH:  4    Dex:  9    Spells: 5/5 levels left

rFire   . . .        a - +1 flail
rCold   . . .        c - +0 buckler
rNeg    + . .        b - +0 scale mail
rPois   ∞            j - +0 helmet
rElec   +            (no cloak)
rCorr   .            (no gloves)
SInv    .            (no boots)
Will    .....        (no amulet) Stlth
                     (no ring)
HPRegen 0.26/turn    (no ring)
MPRegen 0.10/turn

%: no passive effects
@: no status effects
A: sickness immunity, AC +4, negative energy resistance 1, electricity
resistance, torment resistance 1, petrification resistance
a: no special abilities


You were on level 4 of the Dungeon.
You visited 1 branch of the dungeon, and saw 4 of its levels.

You collected 155 gold pieces.

Inventory:

Hand Weapons
 a - a +1 flail (weapon)
Missiles
 i - 2 poisoned darts (quivered)
Armour
 b - a +0 scale mail (worn)
 c - a +0 buckler (worn)
 j - a +0 helmet (worn)
 m - a +1 plate armour of cold resistance
Scrolls
 l - a scroll of blinking {unknown}
 n - a scroll of teleportation
 p - a scroll of enchant armour {unknown}
Potions
 d - a potion of heal wounds {unknown}
 e - a potion of haste
 f - a potion of resistance
 g - a potion of mutation {unknown}
 h - a potion of attraction {unknown}
 k - 2 potions of enlightenment {unknown}
 o - a potion of curing {unknown}


   Skills:
 + Level 5.2 Fighting
 - Level 5.0 Maces & Flails
 * Level 4.1 Armour
 - Level 3.2 Shields


You had 5 spell levels left.
You didn't know any spells.
Your spell library was empty.

Dungeon Overview and Level Annotations

Branches:
Dungeon (4/15)
 Temple: D:4-7

Altars:

Shops:
D:3 =


Innate Abilities, Weirdness & Mutations

You are immune to sickness and miasma.
Your stone body is resilient. (AC +4)
You are immune to poison.
You resist negative energy. (rN+)
You are resistant to electric shocks. (rElec)
You are resistant to unholy torment.
You are immune to petrification.


Message History

No target in view!
Found 8 stones.
A steam dragon comes into view.
The steam dragon hisses angrily.
You hear a shout!
You see here a +2 antimagic hand axe.
An orc comes into view. It is wielding a +0 hand axe.
Found a stone staircase leading down.
The orc shouts!
A hobgoblin comes into view.
The steam dragon breathes steam at you. The ball of steam hits you!!
Unknown command.
You are engulfed in a cloud of scalding steam.
Found a flail.
Found a helmet.
Throw: 4 darts (poison)
Press: ? - help, Shift-Dir - straight line, f - steam dragon
Aim: a steam dragon (52% to hit)
You throw a poisoned dart.
The poisoned dart hits the steam dragon.
Unknown command.
Throw: 3 darts (poison)
Press: ? - help, Shift-Dir - straight line, f/p - steam dragon
Aim: a steam dragon (52% to hit)
You throw a poisoned dart.
The poisoned dart closely misses the steam dragon.
Unknown command.
Unknown command.
You hit the steam dragon.
The steam dragon is moderately wounded.
The steam dragon closely misses you. The steam dragon barely misses you.
The steam dragon bites you but does no damage.
The steam dragon claws you but does no damage.
Unknown command.
You sock the steam dragon!
The steam dragon is heavily wounded.
The steam dragon breathes steam at you. The ball of steam hits you!!
Ouch! That really hurt!
You die...

....+ ....# #.. ......
#.# ...... #.# .##...
#.# ## ... #.# .. #.#
#.# . #@# ## .# #D# . ..
##.# ######o#[# .. #...#
#...)#(#.#.#
..#.##..###..........##.
........................
..............o.(.......
.##.##. #.#....###.#####
..#.##.##.#....# ..$...


You could see a steam dragon (catching breath) and an orc.

Vanquished Creatures
  Sigmund (D:3)
  A scorpion (D:4)
  An orc priest (D:4)
  An adder (D:2)
  2 ribbon worms
  A dart slug (D:2)
  2 orcs (D:4)
  4 ball pythons
  5 endoplasms
  2 giant cockroaches
  5 goblins
  11 hobgoblins
  4 jackals (D:1)
  2 quokkas
  4 bats
  5 frilled lizards
  4 kobolds
  12 rats
67 creatures vanquished.

Vanquished Creatures (others)
  A hobgoblin (D:4)
1 creature vanquished.

Grand Total: 68 creatures vanquished

Notes
Turn   | Place    | Note
-------+----------+-------------------------------------------
     0 | D:1      | Newt the Gargoyle Fighter began the quest for the Orb.
     0 | D:1      | Reached XP level 1. HP: 14/14 MP: 1/1
   141 | D:1      | Reached XP level 2. HP: 19/19 MP: 2/2
   570 | D:2      | Reached XP level 3. HP: 21/24 MP: 3/3
   738 | D:2      | Found a faded altar of an unknown god.
  1417 | D:3      | Reached XP level 4. HP: 29/29 MP: 4/4
  1672 | D:3      | Found Solurch's Jewellery Boutique.
  1742 | D:3      | Noticed Sigmund
  1754 | D:3      | Killed Sigmund
  1755 | D:3      | Reached skill level 5 in Maces & Flails
  1755 | D:3      | Reached XP level 5. HP: 12/34 MP: 5/5
  1755 | D:3      | Reached XP level 6. HP: 15/40 MP: 6/6
  2274 | D:4      | Identified the +0 leather armour of Kuetefuu {-Cast rElec
                  | rPois Stlth+}
  2282 | D:4      | Reached skill level 5 in Fighting
  2575 | D:4      | Noticed a steam dragon
  2593 | D:4      | Killed from afar by a steam dragon

Illustrated notes

Levels and vault maps discovered:
D:1:      lemuel_arrival_broad_hall, layout_basic
D:2:      layout_loops_ring, ebering_ecumenical_altar_box, minmay_bisected
D:3:      layout_basic, serial_shops, shop, uniq_sigmund
D:4:      layout_basic, st_stairs_2, corexii_mini_fake_secret_closet

Skill      XL: |  1  2  3  4  5  6 |
---------------+-------------------+-----
Maces & Flails | 3 5 |  5.0
Fighting       | 4 5 |  5.2
Armour         | 4 |  4.1
Shields        | |  3.2

Action                     |  1- 3 |  4- 6 || total
---------------------------+-------+-------++-------
  Melee: Flail             |   132 |    73 ||   205
  Throw: Dart              |       |     2 ||     2
    Use: Scroll            |     1 |     3 ||     4
         Potion            |       |     1 ||     1
 Armour: Scale mail        |   115 |    52 ||   167
  Dodge: Dodged            |    86 |    21 ||   107
  Block: Buckler           |    31 |    18 ||    49

Table legend: (Time is in decaauts)
 A = Elapsed time spent in this place.
 B = Non-inter-level travel time spent in this place.
 C = Inter-level travel time spent in this place.
 D = Time resting spent in this place.
 E = Time spent auto-exploring this place.
 F = Levels seen in this place.
 G = Mean time per level.
                   A        B        C        D        E       F      G
               +--------+--------+--------+--------+--------+-----+--------+
         Total |   2645 |   2550 |     95 |    336 |   1710 |   4 |  661.2 |
       Dungeon |   2645 |   2550 |     95 |    336 |   1710 |   4 |  661.2 |
               +--------+--------+--------+--------+--------+-----+--------+

Top non-repeatable levels by time:
     D:3: 951 daAuts
     D:2: 800 daAuts
     D:1: 560 daAuts
     D:4: 332 daAuts
